 Dungeon Crawl Stone Soup version 0.31-a0-656-gb4d89c20fa (webtiles) character file.

Game seed: 11090405615855945797

65 inmateoo the Trooper (level 3, 0/29 HPs)
             Began as a Demonspawn Monk on Aug 30, 2023.
             Was a Believer of Okawaru.
             Slain by a kobold
             ... wielding a +2 whip of venom
              (1 damage)
             ... on level 2 of the Dungeon.
             The game lasted 00:01:41 (1246 turns).

inmateoo the Trooper (Demonspawn Monk)              Turns: 1246, Time: 00:01:41

Health: 0/29       AC:  4    Str: 16    XL:     3   Next: 92%
Magic:  3/3        EV: 13    Int: 14    God:    Okawaru [**....]
Gold:   53         SH:  0    Dex: 13    Spells: 2/2 levels left

rFire   . .          .
                       - Unarmed
rCold   . . .        c - orb {light}
rNeg    . . .        a - +0 robe
rPois   .            (no helmet)
rElec   .            (no cloak)
rCorr   .            (no gloves)
SInv    .            (no boots)
Will    .....        (no amulet)
Stlth   +            (no ring)
HPRegen 0.24/turn    (no ring)
MPRegen 0.08/turn

%: no passive effects
@: confused, lethally poisoned (0 -> -13), ambrosia-drunk, attractive, glowing
A: thin metallic scales 1, clever 1, screaming 1, strong 1
a: Renounce Religion, Heroism


You were on level 2 of the Dungeon.
You worshipped Okawaru.
Okawaru was pleased with you.
You visited 1 branch of the dungeon, and saw 2 of its levels.

You collected 53 gold pieces.

Inventory:

Armour
 a - a +0 robe (worn)
 c - an orb of light (worn)
Scrolls
 e - a scroll of identify {unknown}
 f - 2 scrolls of immolation {unknown}
Potions
 d - a potion of mutation


   Skills:
 + Level 3.5 Fighting
 + Level 1.4 Armour
 + Level 3.2 Dodging
 + Level 3.1 Unarmed Combat
 + Level 0.2 Invocations


You had 2 spell levels left.
You didn't know any spells.
Your spell library was empty.

Dungeon Overview and Level Annotations

Branches:
Dungeon (2/15)

Altars:
Okawaru


Innate Abilities, Weirdness & Mutations

You are partially covered in thin metallic scales. (AC +2)
Your mind is acute. (Int +4, Str/Dex -1)
You occasionally shout uncontrollably at your foes.
Your muscles are strong. (Str +4, Int/Dex -1)


Message History

You barely miss the adder.
The adder is severely wounded.
You feel sick. The adder closely misses you. The adder misses you.
You hit the adder.
You kill the adder!
Okawaru accepts your kill.
You feel sick.
You are no longer poisoned.
The bat is attracted toward you.
Press: ? - help, v - describe, . - travel, g - get item
Here: a kobold, wielding a +2 whip of venom (haloed) Item here: an adder corpse.
The floor, spattered with blood.
Unknown command.
Unknown command.
You completely miss the kobold. The kobold closely misses you.
Okay, then.
You hit the kobold but do no damage. The kobold closely misses you.
You hit the kobold but do no damage.
The kobold hits you with a +2 whip of venom.
You are lethally poisoned!
You barely miss the kobold.
* * * LOW HITPOINT WARNING * * *
You feel very sick.
A ball python comes into view.
The kobold hits you with a +2 whip of venom.
* * * LOW HITPOINT WARNING * * *
You are more poisoned.
The ball python is attracted toward you.
You are confused.
You feel invigorated.
* * * LOW HITPOINT WARNING * * *
You feel very sick.
The ball python hisses angrily.
The kobold misses you.
You bump into the rock wall.
* * * LOW HITPOINT WARNING * * *
You feel very sick.
The kobold hits you with a +2 whip of venom.
You die...

#.......... #.##.######
#.##.###### #†#........
#.#..###### #.#.......#
#.#........ ##.#######
#....._....
#.SbK@...###.........#
#§#####.....#..........
#.....#...##.####
#....>#...##.# #
######.....#......#
...........##..#..####
#######..####.........
######..####.##..####
#............##..#


You could see a bat, a ball python and a kobold.

Vanquished Creatures
  2 adders (D:2)
  4 dart slugs (D:1)
  5 ball pythons (D:1)
  2 bats
  4 endoplasms (D:1)
  A giant cockroach (D:2)
  6 goblins (D:1)
  3 hobgoblins (D:1)
  2 jackals (D:1)
  3 kobolds (D:1)
  A frilled lizard (D:1)
  6 rats
39 creatures vanquished.

Notes
Turn   | Place    | Note
-------+----------+-------------------------------------------
     0 | D:1      | inmateoo the Demonspawn Monk began the quest for the Orb.
     0 | D:1      | Reached XP level 1. HP: 18/18 MP: 1/1
   205 | D:1      | Gained mutation: You are partially covered in thin metallic
                  | scales. (AC +2) [demonic ancestry]
   205 | D:1      | Reached XP level 2. HP: 17/24 MP: 2/2
   433 | D:1      | Reached skill level 1 in Armour
   557 | D:1      | Reached XP level 3. HP: 29/29 MP: 3/3
  1125 | D:2      | Found an iron altar of Okawaru.
  1146 | D:2      | Became a worshipper of Warmaster Okawaru
  1146 | D:2      | Reached * piety under Okawaru
  1146 | D:2      | Reached ** piety under Okawaru
  1236 | D:2      | Gained mutation: Your muscles are strong. (Str +4, Int/Dex
                  | -1) [potion of mutation]
  1236 | D:2      | Gained mutation: You occasionally shout uncontrollably at
                  | your foes. [potion of mutation]
  1236 | D:2      | Gained mutation: Your mind is acute. (Int +4, Str/Dex -1)
                  | [potion of mutation]
  1245 | D:2      | HP: 1/29 [poisoned by a kobold]
  1246 | D:2      | Slain by a kobold

Illustrated notes

Levels and vault maps discovered:
D:1:      dpeg_arrival_brainrot, layout_basic, st_stairs_11
D:2:      layout_loops_ring, shapermc_ecumenical_altar_notcrosses, basic_altar

Skill      XL: |  1  2 |
---------------+-------+-----
Armour         | 1 |  1.4
Dodging        | 3 |  3.2
Unarmed Combat | 3 |  3.1
Fighting       | |  3.5
Invocations    | |  0.2

Action                     || total
---------------------------++-------
  Melee: Unarmed           ||   134
    Use: Potion            ||     3
 Armour: Robe              ||    40
  Dodge: Dodged            ||    95

Table legend: (Time is in decaauts)
 A = Elapsed time spent in this place.
 B = Non-inter-level travel time spent in this place.
 C = Inter-level travel time spent in this place.
 D = Time resting spent in this place.
 E = Time spent auto-exploring this place.
 F = Levels seen in this place.
 G = Mean time per level.
                   A        B        C        D        E       F      G
               +--------+--------+--------+--------+--------+-----+--------+
         Total |   1239 |   1174 |     65 |    157 |    727 |   2 |  619.5 |
       Dungeon |   1239 |   1174 |     65 |    157 |    727 |   2 |  619.5 |
               +--------+--------+--------+--------+--------+-----+--------+

Top non-repeatable levels by time:
     D:1: 1100 daAuts
     D:2: 139 daAuts
